Map: Oxide LE

Players

Strange

  • Race: Protoss Protoss

Clem - Winner!

  • Race: Terran Terran

Event: DreamHack SC2 Masters 2021 Fall

VOD

Have the link to the VOD?

Description

Time

  • Played on: Aug. 6, 2021, 1:49 p.m.
  • Length: 11:36

All games in this series

Show
View Real Time Build Order
Export as new Build Order

Strange Protoss 

Build Orders: 1 Gate Expand, Double Forge, Colossus Rush 

Get SALT Encoding   

  12  0:00  Probe  
  13  0:12  Probe  
  14  0:17  Pylon  
  14  0:24  Probe (Chrono Boost)  
  16  0:37  Probe (Chrono Boost)  
  16  0:39  Gateway  
  16  0:42  Probe (Chrono Boost)  
  16  0:46  Assimilator  
  17  0:52  Probe  
  18  1:04  Probe  
  19  1:16  Probe  
  20  1:23  Nexus  
  20  1:32  Cybernetics Core  
  20  1:34  Probe  
  21  1:42  Pylon  
  21  1:46  Probe  
  22  1:49  Assimilator  
  22  1:58  Probe (Chrono Boost)  
  22  2:09  Stalker, Warp Gate  
  22  2:11  Probe (Chrono Boost)  
  25  2:18  Probe (Chrono Boost)  
  26  2:25  Probe (Chrono Boost)  
  27  2:37  Probe x2 (Chrono Boost)  
  29  2:39  Shield Battery, Sentry  
  29  2:44  Probe x2 (Chrono Boost)  
  33  2:49  Probe (Chrono Boost)  
  34  2:51  Robotics Facility, Probe  
  34  2:56  Pylon  
  35  3:01  Probe  
  35  3:03  Probe  
  37  3:07  Gateway  
  37  3:13  Probe  
  37  3:14  Stalker  
  37  3:16  Probe  
  41  3:22  Pylon  
  41  3:25  Probe  
  42  3:28  Probe  
  42  3:32  Assimilator  
  43  3:36  Assimilator  
  43  3:41  Observer (Chrono Boost)  
  44  3:42  Probe x2  
  46  3:50  Robotics Bay  
  46  3:54  Probe x2  
  48  3:55  Forge  
  48  3:56  Forge  
  48  3:59  Observer  
  48  4:05  Observer  
  48  4:06  Probe x2  
  48  4:08  Sentry  
  53  4:10  Pylon  
  53  4:18  Pylon, Probe x2  
  55  4:27  Protoss Ground Armor Level 1 (Chrono Boost), Observer  
  55  4:31  Zealot  
  55  4:32  Zealot  
  55  4:35  Colossus (Chrono Boost)  
  59  4:40  Protoss Ground Weapons Level 1 (Chrono Boost)  
  59  4:41  Photon Cannon  
  65  4:52  Adept, Zealot  
  68  5:12  Gateway x2  
  68  5:13  Twilight Council, Zealot  
  70  5:14  Zealot  
  70  5:18  Observer  
  70  5:19  Extended Thermal Lance  
  72  5:27  Colossus (Chrono Boost)  
  78  5:30  Pylon  
  78  5:46  Pylon  
  78  5:48  Pylon, Probe  
  78  5:49  Nexus  
  79  5:50  Charge (Chrono Boost)  
  79  5:52  Pylon  
  79  6:09  Probe x2  
  81  6:12  Shield Battery  
  81  6:14  Observer (Chrono Boost)  
  82  6:21  Observer, Probe  
  82  6:22  Probe  
  82  6:25  Gateway  
  84  6:26  Gateway  
  84  6:32  Colossus  
  90  6:36  Sentry, Zealot x3  
  98  6:42  Protoss Ground Armor Level 2 (Chrono Boost)  
  98  6:43  Protoss Ground Weapons Level 2 (Chrono Boost)  
  98  6:54  Observer  
  98  6:59  Zealot x4  
  106  7:22  Zealot x6  
  88  7:31  Immortal  
  88  7:32  Probe x2  
  88  7:33  Probe  
  88  7:34  Templar Archives  
  84  7:39  Observer  
  76  7:44  Probe x2  
  76  7:45  Probe  
  76  7:46  Sentry  
  76  7:47  Sentry  
  76  7:48  Stalker  
  85  7:54  Stalker  
  85  7:56  Stalker, Probe  
  85  7:57  Probe x2  
  92  8:03  Zealot  
  92  8:09  Zealot, Probe x3  
  92  8:10  Colossus (Chrono Boost)  
  89  8:18  Zealot x2  
  99  8:23  Probe  
  98  8:34  High Templar x2, Zealot  
  100  8:35  Zealot  
  100  8:36  Shield Battery  
  100  8:37  Pylon  
  100  8:38  Archon  
  106  8:45  Zealot x2  
  110  8:54  Pylon, Gateway  
  110  8:55  Gateway  
  110  8:57  Observer (Chrono Boost)  
  110  8:59  Zealot x2  
  115  9:07  Zealot x2  
  115  9:08  Blink (Chrono Boost)  
  119  9:15  Zealot, Stalker, Warp Prism (Chrono Boost)  
  125  9:18  Pylon  
  125  9:25  High Templar x2  
  125  9:29  Gateway  
  125  9:30  Archon  
  129  9:34  Nexus  
  129  9:36  Zealot  
  131  9:40  Observer  
  130  9:52  Immortal (Chrono Boost)  
  133  9:54  Stalker x4  
  133  9:55  Stalker  
  133  9:57  Stalker  
  133  9:59  Zealot  
  147  10:03  Pylon  
  147  10:20  Pylon  
  147  10:22  Pylon  
  147  10:25  Pylon  
  147  10:26  Zealot x5  
  157  10:49  Zealot x6  
  169  10:50  Zealot x3  
  173  10:58  Warp Prism  
  159  11:09  Zealot x4  
  159  11:10  Zealot x3  
Show
View Real Time Build Order
Export as new Build Order

Clem Terran - Winner!

Build Orders:  

Get SALT Encoding   

  12  0:00  SCV  
  13  0:12  SCV  
  14  0:16  Supply Depot  
  14  0:24  SCV  
  15  0:38  SCV, Barracks  
  16  0:43  Refinery  
  16  0:50  SCV  
  17  1:02  SCV  
  18  1:14  SCV  
  19  1:25  Marine  
  19  1:26  Orbital Command  
  20  1:42  Command Center  
  20  1:45  Barracks Reactor  
  20  1:53  SCV  
  21  1:56  Supply Depot  
  21  2:05  SCV  
  22  2:12  Barracks  
  22  2:17  SCV  
  22  2:21  Marine x2  
  25  2:26  Barracks  
  25  2:29  SCV  
  26  2:39  Marine x2  
  26  2:41  SCV  
  29  2:53  SCV  
  29  2:54  Orbital Command  
  29  2:57  Marine x2  
  32  2:58  Barracks Tech Lab  
  32  3:05  SCV  
  33  3:10  Engineering Bay  
  33  3:14  Barracks Tech Lab  
  33  3:15  Marine x2  
  33  3:17  SCV  
  36  3:21  SCV  
  36  3:23  Marine, Stimpack  
  38  3:27  Supply Depot  
  38  3:29  SCV  
  38  3:33  Marine, SCV, Combat Shield  
  41  3:37  Marine x2  
  43  3:41  SCV  
  43  3:42  Marine  
  43  3:46  SCV  
  43  3:47  Supply Depot  
  46  3:51  Marine  
  46  3:54  Marine, SCV  
  49  3:58  Marauder  
  49  4:00  SCV, Marauder  
  54  4:04  Supply Depot  
  54  4:08  SCV  
  55  4:10  Factory  
  55  4:11  Marine  
  55  4:13  SCV  
  55  4:16  Refinery  
  57  4:18  Marine  
  57  4:21  SCV, Supply Depot  
  58  4:24  Marine x2  
  58  4:26  SCV  
  58  4:30  Refinery  
  61  4:33  Marine, Supply Depot  
  61  4:34  SCV  
  63  4:38  SCV  
  63  4:40  Marine  
  63  4:42  Marine x2  
  67  4:47  Supply Depot, Terran Infantry Weapons Level 1, SCV  
  67  4:50  SCV  
  69  4:57  Marine  
  69  4:58  Starport  
  69  4:59  Factory Tech Lab  
  69  5:00  SCV  
  69  5:02  SCV  
  69  5:03  Refinery  
  69  5:05  Marauder  
  73  5:07  Marauder  
  73  5:12  SCV  
  73  5:14  Supply Depot  
  76  5:17  Marine x2  
  76  5:19  Siege Tank  
  82  5:21  SCV  
  82  5:26  SCV  
  82  5:28  Marauder  
  85  5:30  Marauder  
  80  5:35  Starport Reactor  
  80  5:38  Marine  
  80  5:39  Marine  
  80  5:44  Supply Depot  
  80  5:49  Marauder  
  82  5:51  Siege Tank  
  82  5:54  Marauder  
  82  5:56  Marine x2, Supply Depot  
  89  6:04  SCV  
  89  6:05  SCV  
  89  6:07  Concussive Shells  
  91  6:12  Medivac x2, Marauder  
  91  6:14  Marine x2  
  91  6:16  Marauder  
  101  6:19  Supply Depot  
  104  6:25  Siege Tank  
  104  6:30  Command Center  
  104  6:34  Supply Depot  
  104  6:35  Marauder  
  104  6:37  Marine  
  104  6:38  Marine  
  108  6:41  Marauder  
  108  6:44  Terran Infantry Armor Level 1  
  110  6:52  Supply Depot  
  110  6:56  Marine  
  110  6:57  Medivac, Marauder  
  117  7:02  Medivac  
  117  7:09  Marine  
  117  7:10  Marauder  
  120  7:16  SCV x2  
  120  7:17  Marine, Barracks  
  120  7:19  Barracks  
  120  7:20  Supply Depot  
  111  7:24  Marauder  
  111  7:29  Siege Tank  
  100  7:31  Marauder  
  100  7:32  Marine, Medivac  
  97  7:38  Marine  
  97  7:39  SCV  
  94  7:45  Marauder  
  94  7:46  Viking  
  94  7:48  SCV  
  99  7:52  Marine  
  99  7:55  SCV, Marauder  
  99  7:57  Marine  
  104  8:03  SCV  
  102  8:07  Marauder  
  102  8:08  Barracks Reactor, Barracks Tech Lab  
  102  8:09  SCV  
  102  8:12  Orbital Command  
  100  8:15  SCV  
  100  8:16  Marine  
  100  8:17  Marauder  
  104  8:22  Viking x2  
  104  8:24  SCV  
  104  8:25  Marine, Widow Mine  
  110  8:28  Marauder  
  110  8:31  Marine  
  113  8:34  SCV  
  113  8:36  SCV  
  113  8:37  Marine  
  113  8:38  Marauder  
  113  8:39  SCV  
  119  8:46  SCV  
  119  8:47  Marine x3  
  119  8:48  SCV  
  124  8:49  Marauder  
  124  8:50  Marauder  
  124  8:51  Armory  
  124  8:55  Engineering Bay  
  128  8:57  Widow Mine  
  128  8:58  Viking  
  128  9:00  Viking, Marauder  
  136  9:04  Marine  
  137  9:10  Marine  
  137  9:11  Marine x2, Marauder  
  137  9:12  Marauder  
  137  9:13  Supply Depot  
  137  9:15  Refinery  
  144  9:17  Refinery  
  144  9:21  Marauder  
  146  9:25  Siege Tank  
  146  9:26  Marine  
  146  9:27  Supply Depot  
  146  9:29  SCV x2, Supply Depot  
  146  9:30  Viking  
  154  9:34  Viking  
  154  9:36  Marine x2  
  154  9:37  Marine  
  159  9:43  Marauder  
  159  9:45  Marine x2, Marauder  
  163  10:02  Command Center  
  163  10:06  Supply Depot  
  163  10:09  Viking  
  163  10:10  Viking  
  167  10:16  Supply Depot  
  167  10:17  Marine x4  
  167  10:20  Ghost Academy  
  171  10:23  Marauder  
  171  10:25  Siege Tank  
  171  10:27  Marauder  
  178  10:32  Supply Depot  
  178  10:34  Marauder  
  180  10:42  Viking x2  
  184  10:44  Marauder  
  184  10:47  Marine x2  
  184  10:48  Marine, Missile Turret  
  188  10:51  Marine, Ghost  
  188  10:55  Ghost  
  191  10:57  SCV  
  191  11:00  SCV x2  
  189  11:05  Ghost  
  189  11:06  Missile Turret  
  189  11:07  Marine x2  
  184  11:15  Marine  
  184  11:16  Marine  

Tags
 
Add a new tag
Caveats
  • Supply blocks, unpowered buildings, or Contaminate may cause inaccurate times.
  • Supply counts are checked every 10 seconds.